Map: 2000 Atmospheres LE

Players

IIIIIIIIIIII

  • Race: Terran Terran
  • Spawn Location: 7:00

Warthog - Winner!

  • Race: Terran Terran
  • League: Gold
  • Spawn Location: 3:00

VOD

Have the link to the VOD?

Description

Time

  • Played on: Nov. 2, 2021, 4:47 p.m.
  • Length: 16:28
Show
View Real Time Build Order
Export as new Build Order

IIIIIIIIIIII Terran 

Build Orders: Reaper Expand 

Get SALT Encoding   

  12  0:00  SCV  
  13  0:13  SCV  
  14  0:18  Supply Depot  
  14  0:25  SCV  
  15  0:39  SCV  
  15  0:42  Barracks  
  16  0:46  Refinery  
  16  0:51  SCV  
  17  1:03  SCV  
  18  1:16  SCV  
  19  1:29  Orbital Command  
  19  1:30  Reaper  
  20  1:40  Command Center  
  20  1:55  Barracks, SCV  
  21  2:03  Barracks Reactor  
  21  2:08  Supply Depot, SCV  
  22  2:24  SCV  
  23  2:32  Factory  
  23  2:33  Refinery  
  23  2:36  SCV  
  24  2:40  Marine  
  24  2:41  Marine  
  26  2:46  Supply Depot  
  26  2:48  SCV  
  26  2:49  Barracks Tech Lab  
  27  2:58  Marine x2  
  27  3:02  SCV  
  27  3:04  Orbital Command  
  30  3:12  Stimpack  
  30  3:13  Marine  
  30  3:14  SCV  
  30  3:16  Marine  
  30  3:18  Factory Reactor  
  33  3:34  SCV  
  33  3:35  SCV  
  33  3:36  Starport  
  33  3:37  Marine  
  33  3:38  Marine  
  33  3:41  Marine  
  38  3:46  SCV  
  38  3:47  SCV  
  40  3:57  Marine x2  
  40  3:58  Marine  
  43  4:05  Factory Tech Lab  
  43  4:08  Supply Depot, SCV x2  
  45  4:13  Refinery  
  45  4:15  Marine x2  
  45  4:16  Marine  
  48  4:23  Medivac x2  
  52  4:38  Marine x3  
  54  4:39  Siege Tank  
  58  4:52  Supply Depot  
  58  4:53  Combat Shield  
  58  4:55  Marine  
  58  4:56  Marine x2  
  61  5:11  SCV  
  61  5:14  SCV, Marine x3  
  66  5:18  Supply Depot  
  66  5:23  SCV  
  66  5:26  SCV  
  68  5:29  Refinery  
  68  5:31  Command Center  
  68  5:35  SCV  
  67  5:38  SCV  
  60  5:47  SCV, Marine x3  
  64  5:50  SCV  
  65  5:59  SCV  
  65  6:02  SCV  
  67  6:05  Marine x3  
  62  6:27  Marauder, Marine x2  
  62  6:28  Medivac, Siege Tank  
  62  6:29  Medivac  
  73  6:37  SCV x2  
  75  6:43  Orbital Command  
  75  6:45  Marine x2  
  75  6:46  Supply Depot  
  77  6:48  Marine  
  77  6:49  SCV  
  79  6:58  Medivac  
  79  6:59  Medivac  
  79  7:00  Siege Tank  
  86  7:02  Marine  
  86  7:03  Marine  
  86  7:06  Marine  
  89  7:09  Orbital Command  
  89  7:20  Marine x2  
  91  7:24  Marine  
  91  7:28  Medivac  
  91  7:29  Barracks, Medivac  
  96  7:30  Barracks  
  96  7:31  SCV  
  96  7:32  SCV, Siege Tank  
  101  7:52  Engineering Bay  
  101  7:55  Engineering Bay  
  101  8:01  SCV  
  101  8:11  Viking x2, Marine x2, SCV x2  
  109  8:14  Supply Depot  
  109  8:22  SCV, Marine  
  109  8:23  SCV x2  
  109  8:25  Siege Tank  
  106  8:28  Marine x2  
  91  8:34  SCV  
  91  8:35  SCV x2  
  91  8:40  Barracks Reactor, Marine  
  91  8:41  Viking  
  92  8:46  SCV  
  92  8:47  Barracks Reactor, SCV x2, Marauder  
  95  8:56  Medivac  
  95  8:58  Siege Tank, Marine x2  
  95  8:59  SCV x2  
  95  9:00  SCV  
  105  9:08  Marine  
  105  9:09  Refinery  
  106  9:10  Refinery  
  106  9:11  SCV, Medivac  
  106  9:12  SCV x2  
  106  9:13  Sensor Tower  
  106  9:15  Marine  
  106  9:16  Marine  
  113  9:18  Supply Depot x2  
  113  9:19  Marine x2  
  113  9:23  SCV, Marine  
  117  9:27  Marine x2  
  117  9:28  SCV x2, Medivac  
  117  9:30  Siege Tank  
  126  9:33  Marine x2  
  126  9:35  SCV  
  126  9:37  Marine x2  
  131  9:40  SCV x2  
  131  9:41  Marine  
  134  9:45  Marine x2  
  134  9:47  Barracks, Terran Infantry Armor Level 1, Terran Infantry Weapons Level 1, SCV  
  134  9:49  Barracks  
  134  9:51  Marine x2  
  134  9:52  SCV  
  140  9:55  Marine x2  
  140  9:58  Marine  
  142  10:03  Marine  
  142  10:05  Sensor Tower  
  143  10:07  Marine  
  143  10:09  Siege Tank, Marine x2  
  149  10:14  Medivac x2, Marine x2  
  149  10:15  Command Center  
  149  10:16  Marine  
  149  10:21  Marine  
  155  10:25  Marine  
  155  10:27  Marine x2  
  159  10:32  Marine  
  160  10:37  Marine x2  
  160  10:39  Marine  
  160  10:41  Command Center  
  163  10:43  Marine  
  163  10:44  Marine  
  165  10:55  Supply Depot  
  165  10:56  Supply Depot x3  
  165  11:11  Medivac x2  
  165  11:12  Marine  
  165  11:16  Siege Tank, Marine  
  147  11:40  Marine x2  
  147  11:41  Marine x5  
  147  11:43  Medivac x2  
  147  11:46  Barracks Reactor x2  
  158  11:48  Siege Tank  
  158  11:53  Planetary Fortress  
  161  11:58  Marine x3  
  161  11:59  Marine x4  
  168  12:13  Medivac x2  
  172  12:16  Marine x5  
  172  12:17  Marine  
  172  12:19  Armory  
  172  12:20  Siege Tank  
  143  12:31  Marine  
  143  12:34  Marine x6  
  150  12:43  Liberator x2  
  156  12:48  Marine  
  157  12:52  Marine x6  
  157  12:53  Siege Tank  
  140  13:06  Terran Infantry Armor Level 2, Terran Infantry Weapons Level 2  
  140  13:07  Marauder  
  140  13:08  Terran Vehicle Weapons Level 1  
  140  13:09  Marine x2  
  140  13:10  Marine x4  
  140  13:12  Refinery  
  148  13:13  Refinery  
  148  13:15  SCV x4  
  148  13:19  Marine  
  152  13:20  Marine x3  
  152  13:25  Liberator, Siege Tank  
  152  13:26  Liberator  
  165  13:27  Marine x3  
  165  13:28  Marine x4  
  172  13:37  Marine x2  
  172  13:38  Marine x2  
  176  13:43  Command Center  
  176  13:45  Marine x5  
  176  13:46  Marine x2  
  183  13:55  Marine x4  
  183  13:57  Siege Tank  
  190  14:03  Marine x7  
  190  14:08  Liberator  
  199  14:13  Marine  
  82  15:09  Marine x8  
  82  15:10  Marine x3  
  82  15:11  Siege Tank  
  82  15:14  Planetary Fortress  
  93  15:17  Refinery  
  90  15:27  Marine x11  
  101  15:34  Medivac x2  
  105  15:43  Command Center, Siege Tank  
  105  15:44  Refinery, Marine  
  105  15:45  Marine x10  
  116  16:02  Marine  
  116  16:03  Marine x10  
Show
View Real Time Build Order
Export as new Build Order

Warthog Terran - Winner!

Build Orders:  

Get SALT Encoding   

  12  0:00  SCV  
  13  0:13  SCV  
  14  0:17  Supply Depot  
  15  0:28  SCV  
  15  0:40  SCV, Barracks  
  16  0:46  Refinery  
  16  0:52  SCV  
  17  1:04  SCV  
  18  1:16  SCV  
  19  1:29  Barracks Reactor, Orbital Command  
  19  1:43  Command Center  
  19  1:53  Supply Depot  
  19  1:56  SCV  
  20  2:05  Marine x2  
  22  2:09  SCV  
  23  2:21  SCV  
  23  2:23  Marine x2  
  25  2:33  Barracks  
  25  2:34  SCV, Barracks  
  26  2:37  Refinery  
  26  2:44  Marine x2  
  26  2:49  SCV  
  29  3:02  SCV  
  29  3:04  Orbital Command  
  30  3:07  Marine x2  
  32  3:14  SCV  
  33  3:21  Barracks Tech Lab x2  
  33  3:25  Marine x2  
  35  3:28  SCV  
  35  3:31  SCV  
  37  3:39  Factory  
  37  3:40  SCV  
  38  3:43  SCV  
  39  3:49  Stimpack, Combat Shield  
  39  3:51  Marine x3  
  39  3:52  SCV  
  39  3:53  Marine  
  39  3:55  SCV  
  45  4:04  SCV  
  46  4:16  Supply Depot  
  46  4:24  Supply Depot  
  46  4:33  Starport  
  46  4:34  Factory Reactor  
  46  4:38  SCV, Marauder x2, Marine x2  
  53  4:41  SCV  
  54  4:50  SCV  
  54  4:52  Supply Depot  
  55  4:53  SCV  
  55  4:55  Supply Depot  
  55  4:56  Marine x2  
  55  4:59  Marine x2  
  60  5:02  SCV  
  60  5:05  SCV  
  60  5:06  Engineering Bay  
  62  5:13  Marine x2  
  64  5:14  SCV  
  64  5:17  Marine  
  64  5:18  Factory Tech Lab  
  64  5:20  SCV  
  67  5:22  Marine  
  67  5:25  Medivac  
  67  5:26  SCV  
  71  5:29  Medivac  
  71  5:31  Marine x2  
  71  5:32  SCV  
  76  5:39  SCV  
  76  5:40  Marine  
  75  5:44  SCV, Barracks Tech Lab  
  75  5:49  Marine  
  76  5:51  Supply Depot, SCV  
  76  5:52  Supply Depot  
  76  5:53  Terran Infantry Weapons Level 1  
  76  5:54  Concussive Shells  
  77  6:08  Marauder, Marine x2  
  77  6:09  Marauder  
  61  6:23  SCV x2  
  53  6:26  Marine x2  
  53  6:29  Marine  
  56  6:35  SCV x2  
  58  6:43  Command Center  
  58  6:47  Engineering Bay, SCV x2, Armory  
  60  6:55  Marauder  
  60  6:56  Marauder  
  60  6:59  SCV x2  
  66  7:11  SCV x2  
  68  7:23  SCV  
  68  7:28  SCV  
  70  7:31  Marine x3  
  70  7:32  Marauder, Siege Tank  
  70  7:35  SCV  
  79  7:40  SCV  
  80  7:47  SCV  
  80  7:49  Marine x2  
  80  7:50  Marauder  
  85  7:52  Marine  
  85  7:53  SCV  
  86  7:59  SCV  
  86  8:03  Orbital Command  
  86  8:05  SCV, Siege Tank  
  91  8:13  Marine x2  
  91  8:14  Marine x2  
  91  8:15  Medivac  
  84  8:31  Marine x3  
  84  8:32  Marine  
  75  8:38  SCV x3  
  78  8:49  Marine x4  
  78  8:50  SCV, Refinery  
  78  8:51  Refinery  
  83  9:05  Missile Turret  
  83  9:06  SCV x2  
  83  9:07  Missile Turret, Marine  
  86  9:10  SCV  
  86  9:12  Missile Turret, Marine x2  
  86  9:13  Marine  
  86  9:16  Terran Infantry Weapons Level 2  
  90  9:25  Marine  
  90  9:26  SCV x3  
  90  9:30  Marine x2  
  96  9:34  Orbital Command  
  96  9:35  Terran Infantry Armor Level 1  
  96  9:38  SCV  
  96  9:40  Marine  
  96  9:42  Supply Depot, Marine  
  96  9:43  SCV  
  100  9:50  SCV  
  101  9:54  Marine x2  
  101  9:55  SCV  
  101  9:57  Siege Tank  
  101  9:58  Marine  
  107  10:00  Supply Depot  
  107  10:01  Supply Depot  
  107  10:02  SCV  
  108  10:09  SCV x2  
  108  10:13  Marine  
  111  10:14  SCV, Marauder, Marine  
  111  10:15  Medivac  
  111  10:16  Marine  
  118  10:21  SCV  
  118  10:22  SCV  
  118  10:27  SCV  
  121  10:28  Barracks  
  121  10:29  Supply Depot, Barracks, Siege Tank  
  121  10:31  Supply Depot, Marine  
  121  10:33  Terran Vehicle Weapons Level 1  
  121  10:34  SCV  
  124  10:37  SCV  
  124  10:39  SCV  
  126  10:46  SCV  
  127  10:50  SCV  
  127  10:51  SCV  
  127  10:53  Refinery  
  127  10:56  Refinery  
  129  10:58  SCV  
  129  11:01  Factory  
  129  11:02  SCV  
  129  11:03  Factory  
  131  11:05  Marine x4  
  135  11:16  Siege Tank  
  135  11:17  Medivac  
  140  11:22  Marine  
  140  11:23  Marine  
  142  11:32  Supply Depot  
  142  11:34  Barracks Reactor x2  
  142  11:35  Supply Depot  
  142  11:46  SCV x2  
  144  11:48  SCV  
  144  11:53  Factory Tech Lab x2, Marine  
  144  11:54  Marine x3  
  146  11:55  Siege Tank  
  146  11:56  Supply Depot, Medivac  
  146  11:58  SCV x2  
  146  11:59  Supply Depot  
  156  12:11  Marine  
  156  12:12  Marine  
  158  12:20  Marine x3  
  158  12:21  Siege Tank  
  158  12:22  Medivac, Marine x3  
  164  12:29  Marine  
  156  12:32  Marine  
  157  12:37  Siege Tank  
  157  12:38  Medivac, Siege Tank, Marine  
  151  13:07  Terran Infantry Weapons Level 3, Terran Infantry Armor Level 2  
  151  13:09  Terran Vehicle Weapons Level 2  
  151  13:13  Supply Depot x2  
  151  13:16  SCV x2  
  151  13:17  Refinery  
  153  13:21  SCV  
  154  13:28  SCV x2  
  156  13:34  Marine x5  
  156  13:35  Marine x3  
  156  13:36  Siege Tank x3  
  156  13:37  Command Center, Medivac  
  175  13:52  Missile Turret x2, Marine  
  175  13:54  Missile Turret  
  176  13:57  Missile Turret  
  176  14:04  Missile Turret  
  176  14:08  Siege Tank x2  
  181  14:22  Marine x2  
  183  14:28  Marine x2  
  183  14:30  Siege Tank  
  183  14:31  Medivac, Marine x3  
  187  14:38  Marine  
  187  14:40  Marine x2  
  187  14:42  Siege Tank x2  
  192  14:46  Marine x2  
  193  14:57  Marine x4  
  193  14:58  Marine x2  
  175  15:02  Siege Tank  
  175  15:04  Marine x2  
  128  15:07  Medivac  
  160  15:14  Siege Tank  
  160  15:15  Marine x4  
  160  15:16  Marine x2  
  169  15:22  Marine x2  
  171  15:32  Marine  
  171  15:33  Marine x4  
  171  15:34  Planetary Fortress, Marine  
  177  15:39  Marine  
  177  15:40  Marine  
  179  15:51  Marine x6  
  179  15:53  Siege Tank x2  
  179  15:57  Command Center, Marine x2  
  190  16:09  Marine x2  
Tags
 
Add a new tag
Caveats
  • Supply blocks, unpowered buildings, or Contaminate may cause inaccurate times.
  • Supply counts are checked every 10 seconds.